 Dungeon Crawl Stone Soup version 0.23-a0-115-g8d3be6a (webtiles) character file.

4 Wesco the Magician (level 1, 0/13 HPs)
             Began as a Vampire Wizard on Aug 23, 2018.
             Slain by a leopard gecko (2 damage)
             ... on level 1 of the Dungeon.
             The game lasted 00:04:54 (209 turns).

Wesco the Magician (Vampire Wizard)                  Turns: 209, Time: 00:04:54

Health: 0/13       AC:  2    Str:  6    XL:     1   Next: 50%
Magic:  0/4        EV: 12    Int: 20    God:
Gold:   36         SH:  0    Dex: 12    Spells: 5/6 levels left

rFire    . . .     SeeInvis +   c - +0 spear
rCold    . . .     Gourm    .   (no shield)
rNeg     + . .     Faith    .   a - +0 robe
rPois    .         Spirit   .   b - +0 hat
rElec    .         Reflect  .   (no cloak)
rCorr    .         Harm     .   (no gloves)
MR       .....                  (no boots)
Stlth    ++........             (no amulet)
HPRegen  0.04/turn              (no ring)
MPRegen  0.09/turn              (no ring)

@: very slightly contaminated
A: fangs 3, see invisible, unbreathing
a: no special abilities


You were on level 1 of the Dungeon.
You were not thirsty.

You visited 1 branch of the dungeon, and saw 1 of its levels.

You collected 36 gold pieces.

Inventory:

Hand Weapons
 c - a +0 spear (weapon)
Missiles
 e - 21 arrows
Armour
 a - a +0 robe (worn)
 b - a +0 hat (worn)


   Skills:
 + Level 2.2 Dodging
 - Level 3.0 Stealth
 + Level 3.2 Spellcasting
 + Level 0.6 Conjurations
   Level 1.0 Summonings
   Level 0.7 Translocations


You had 5 spell levels left.
You knew the following spells:

 Your Spells              Type           Power        Failure   Level  Hunger
a - Magic Dart            Conj           #...         11%         1    None

Your spell library contained the following spells:

 Spells                   Type           Power        Failure   Level  Hunger
 Call Imp                 Summ           #.......     14%         2    ##.....
 Blink                    Tloc           N/A          16%         2    ##.....
 Slow                     Hex            #.......     22%         2    ##.....
 Conjure Flame            Conj/Fire      #.......     36%         3    ###....
 Mephitic Cloud           Conj/Pois/Air  #.......     36%         3    ###....


Dungeon Overview and Level Annotations

Branches:
Dungeon (1/15)

Altars:


Innate Abilities, Weirdness & Mutations

You have razor-sharp teeth.
You have supernaturally acute eyesight. (SInv)
You can survive without breathing.


Message History

The leopard gecko bites you.
The giant cockroach bites you but does no damage.
Casting: Magic Dart (safe; 11% risk of failure)
Confirm with . or Enter, or press ? or * to list all spells.
Aiming: Magic Dart (safe; 11% risk of failure)
Press: ? - help, Shift-Dir - straight line, f - leopard gecko, p - giant cockroach
Aim: a leopard gecko (clinging)
You miscast Magic Dart.
Nothing appears to happen.
The leopard gecko bites you but does no damage.
The leopard gecko bites you.
Casting: Magic Dart (safe; 11% risk of failure)
Confirm with . or Enter, or press ? or * to list all spells.
You don't have enough magic to cast that spell.
You hit the leopard gecko.
The leopard gecko is moderately wounded.
The leopard gecko bites you.
* * * LOW HITPOINT WARNING * * *
You aren't carrying any scrolls.
Yummy - fresh blood!
The leopard gecko bites you.
You die...

######
##############....###
#............@#.....###
#.######.#..#.lg#.....###.
#.# ##..#...#K..#.......
#.# #.#...#..g#.l.#.....
#.# #...#...#...#...# #.#
#.#...#...#...#.# #.#
#...#...#...#.g.# #.#
#.#...#...#...#.#
#.#####.†.#...#...#...l..


You could see a leopard gecko, 2 hobgoblins, a kobold and a frilled lizard.

Vanquished Creatures
  A giant cockroach (D:1)
  A goblin (D:1)
  A kobold (D:1)
  A rat (D:1)
4 creatures vanquished.

Notes
Turn   | Place    | Note
-------+----------+-------------------------------------------
     0 | D:1      | Wesco the Vampire Wizard began the quest for the Orb.
     0 | D:1      | Reached XP level 1. HP: 13/13 MP: 4/4
   209 | D:1      | Slain by a leopard gecko

Vault maps used:
D:1:      minmay_arrival_widening_spiral_wide, hex_medium

Action                   || total
-------------------------++-------
Melee: Spear             ||    11
       Bite              ||     1
 Cast: Magic Dart        ||     7
  Use: Scroll            ||     2
       Potion            ||     2
 Stab: Sleeping          ||     1
Armor: Robe              ||     7
Dodge: Dodged            ||     7

Table legend:
 A = Non-vault XP
 B = Vault XP
 C = Vault XP percentage of total XP
 D = Non-vault monster count
 E = Vault monster count
 F = Vault count percentage of total count
                 A         B        C        D         E       F
            +---------+---------+-------+---------+---------+-------
      Total |       6 |       0 |   0.0 |       4 |       0 |   0.0
            +---------+---------+-------+---------+---------+-------
        D:1 |       6 |       0 |   0.0 |       4 |       0 |   0.0
            +---------+---------+-------+---------+---------+-------
